 Dungeon Crawl Stone Soup version 0.14-a0-181-gf6fe0c6 (webtiles) character file.

14326 Malachi the Bludgeoner (level 12, -3/122 HPs)
             Began as an Ogre Berserker on Oct 7, 2013.
             Was a High Priest of Trog.
             Slain by an unseen horror (11 damage)
             ... on Level 11 of the Dungeon.
             The game lasted 00:28:59 (11773 turns).

Malachi the Bludgeoner (Ogre Berserker)            Turns: 11773, Time: 00:29:00

HP  -3/122       AC  3     Str 30      XL: 12   Next:  9%
MP  12/12        EV 12     Int  6      God: Trog [*****.]
Gold 608         SH  0     Dex  9      Spells:  0 memorised, 11 levels left

Res.Fire  : + . .   See Invis. : .   a - +4,+9 giant spiked club "Omyzag" {crush, S Res.Cold : . . . Warding : + q - +0 orc robe {rF+} Life Prot.: + . . Conserve : . (shield restricted)
Res.Poison: .       Res.Corr.  : .   K - +0 wizard hat {MR+}
Res.Elec. : .       Clarity    : .   (no cloak)
Sust.Abil.: . .     Spirit.Shd : .   (gloves unavailable)
Res.Mut.  : .       Stasis     : .   (boots unavailable)
Res.Rott. : .       Flight     : .   u - amulet of warding
Saprovore : + . .                    (no ring)
                                     (no ring)

@: about to teleport, quite resistant to hostile enchantments, unstealthy
A: unfitting armour, fast metabolism 1, saprovore 1, tough skin 1
a: Burn Spellbooks, Berserk, Trog's Hand, Brothers in Arms, Renounce Religion


You were on level 11 of the Dungeon.
You worshipped Trog.
Trog was extremely pleased with you.
You were near starving.

You visited 1 branch of the dungeon, and saw 11 of its levels.
You also visited: Ossuary.

You collected 588 gold pieces.

Inventory:

Hand weapons
 a - the +4,+9 giant spiked club "Omyzag" (weapon) {crush, Str+1}
   (Trog gifted it to you on level 10 of the Dungeon)

   It inflicts extra damage upon your enemies.
   It affects your strength (+1).
 o - a +2,+1 sling of flame
 t - a +1,+2 mace of holy wrath
 G - a +2,-2 whip of electrocution
 O - a +7,+4 giant club
Missiles
 g - 7 tomahawks (quivered)
 I - 3 tomahawks of returning
Armour
 b - a +1 animal skin
 q - a +0 orcish robe of fire resistance (worn)
 K - a +0 wizard hat of magic resistance (worn)
 M - a +0 troll hide
Magical devices
 j - a wand of draining (0)
 n - a wand of draining (2)
 w - a wand of magic darts (9) {unknown}
 y - a wand of flame (4)
 C - a wand of magic darts (8) {unknown}
 F - a wand of lightning (7)
 J - a wand of frost (11)
 L - a wand of draining (7)
Comestibles
 c - 4 meat rations
 f - 2 chunks of hill giant flesh
 B - 3 bread rations
Scrolls
 d - a scroll of torment {unknown}
 e - 2 scrolls of magic mapping
 h - 4 scrolls of identify
 i - a scroll of teleportation
 p - 9 scrolls of remove curse
Jewellery
 k - a cursed ring of teleportation
 m - an uncursed amulet of stasis
 u - an amulet of warding (around neck)
Potions
 r - 2 potions of restore abilities
 s - a potion of cure mutation
 x - 2 potions of speed
 z - 2 potions of agility
 A - 3 potions of might
 P - a potion of berserk rage


   Skills:
 + Level 10.0 Fighting
 * Level 18.2 Maces & Flails
 + Level 8.8 Dodging
 + Level 3.1 Stealth
 + Level 0.8 Evocations


You had 11 spell levels left.
You didn't know any spells.

Dungeon Overview and Level Annotations

Branches:
Dungeon (11/27) Temple (0/1) D:6 Orc (0/4) D:6 D:11 Lair: D:8-13

Altars:
Ashenzari
Elyvilon
Makhleb
Okawaru
Zin

Shops:
D:4 [   D:6 *   D:11 [


Innate Abilities, Weirdness & Mutations

You are too large for most types of armour.
You have a fast metabolism.
You can tolerate rotten meat.
You have tough skin (AC +1).


Message History

It barely misses you.
The magic dart hits something.
It hits you but does no damage. It hits you.
* * * LOW HITPOINT WARNING * * *
Drink which item? (? for menu, Esc to quit)
You feel better. It hits you.
* * * LOW HITPOINT WARNING * * *
Read which item? (? for menu, Esc to quit)
As you read the scroll of teleportation, it crumbles to dust.
You feel strangely unstable. It hits you.
* * * LOW HITPOINT WARNING * * *
The puff of flame misses you. It hits you but does no damage.
You hear a zap.
The bolt of lightning hits you!
* * * LOW HITPOINT WARNING * * *
Found 11 gold pieces.
Drink which item? (? for menu, Esc to quit)
You feel better. It hits you!
You die...

.$. #.............
#................
.##.................
....................>.
............#........
...............).....
.####
###..................
#........
#...@.H...?.%........
#.......#
#.......%............
#.......#
#....................
#.......#
#....................
#.......#
#....................
#...>...#
#....................
#.......#
#.#.....#............
#...∩...#
#.####..)............
#.......# #.#
#............###


You could see a hippogriff.

Vanquished Creatures
  Gastronok (D:9)
  Nergalle (D:11)
  Erolcha (D:9)
  An unseen horror (D:11)
  Pikel (D:6)
  An orc knight (D:11)
  2 hill giants (D:11)
  Joseph (D:10)
  Maurice (D:9)
  The ghost of timbw the Ruffian, an average TrMo (D:8)
  Grinder (D:6)
  2 trolls
  A hydra zombie (D:8)
  A wyvern (D:9)
  8 yaks
  A hungry ghost (D:11)
  2 hippogriffs
  A soldier ant (D:11)
  A mottled dragon (D:11)
  Edmund (D:7)
  Menkaure (D:5)
  2 necrophages
  2 slaves (D:6)
  2 centaurs
  3 ice beasts
  5 ogres
  A phantom (D:6)
  A sky beast (D:10)
  9 orc warriors
  A big kobold (D:10)
  Duvessa (D:9)
  A crocodile (D:8)
  A giant slug (D:11)
  A water moccasin (D:10)
  2 giant frogs
  Blork the orc (D:6)
  A hippogriff zombie (D:10)
  A yak skeleton (D:9)
  4 jellies
  2 killer bees (D:11)
  3 wights (D:8)
  A hippogriff skeleton (D:11)
  Dowan (D:9)
  2 giant frog zombies
  2 gnoll shamans
  8 orc priests
  A centaur zombie (D:7)
  2 water moccasin zombies (Ossuary)
  7 crimson imps
  2 goliath beetles
  3 hounds
  7 orc wizards
  A water moccasin skeleton (D:6)
  2 iguanas
  4 worker ants
  3 scorpions
  Ijyb (D:2)
  3 big kobold zombies (Ossuary)
  A hound skeleton (D:5)
  A hound zombie (D:10)
  Terence (D:2)
  2 mummies (Ossuary)
  11 gnolls
  A green rat (D:9)
  8 adders
  A giant centipede (D:10)
  A worm zombie (D:8)
  An inept feature mimic (D:6)
  2 worms
  3 adder zombies
  2 scorpion zombies
  An adder skeleton (D:4)
  5 giant eyeballs
  6 giant geckos
  44 orcs
  12 bats
  18 goblins
  13 hobgoblins
  8 jackals
  18 kobolds
  3 oozes
  2 quokkas
  7 giant cockroaches
  A giant gecko zombie (D:5)
  4 giant newts
  5 gnoll zombies (Ossuary)
  4 hobgoblin zombies
  7 kobold zombies
  3 orc zombies
  2 quokka skeletons
  17 rats
  A rat skeleton (D:8)
  A ballistomycete (D:4)
342 creatures vanquished.

Vanquished Creatures (others)
  An adder (D:6)
  A giant centipede (D:11)
  A giant mite (D:6)
  A quokka (D:6)
  A giant spore (D:4)
  A kobold (D:6)
6 creatures vanquished.

Grand Total: 348 creatures vanquished

Notes
Turn   | Place    | Note
--------------------------------------------------------------
     0 | D:1      | Malachi, the Ogre Berserker, began the quest for the Orb.
     0 | D:1      | Reached XP level 1. HP: 23/23 MP: 0/0
   146 | D:1      | Reached XP level 2. HP: 23/32 MP: 1/1
   390 | D:1      | Reached XP level 3. HP: 39/39 MP: 2/2
   419 | D:1      | Acquired Trog's second power
   714 | D:2      | Noticed Terence
   719 | D:2      | Killed Terence
   824 | D:2      | Reached skill level 5 in Maces & Flails
   919 | D:2      | Noticed Ijyb
   930 | D:2      | Killed Ijyb
   930 | D:2      | Reached XP level 4. HP: 35/48 MP: 3/3
  1700 | D:3      | Found a burning altar of Makhleb.
  1710 | D:3      | Reached XP level 5. HP: 32/54 MP: 4/4
  2040 | D:4      | Found a sand-covered staircase.
  2063 | Ossuary  | Entered an ossuary
  2085 | Ossuary  | Reached skill level 6 in Maces & Flails
  2221 | Ossuary  | Reached XP level 6. HP: 11/63 MP: 5/5
  2514 | Ossuary  | Reached skill level 5 in Fighting
  3013 | D:4      | Reached skill level 7 in Maces & Flails
  3237 | D:4      | Found Toodwuv's Antique Armour Shoppe.
  3305 | D:4      | Noticed an ogre
  3308 | D:4      | Paralysed by a giant eyeball for 3 turns
  3313 | D:4      | Killed an ogre
  3313 | D:4      | Reached XP level 7. HP: 71/71 MP: 6/6
  3553 | D:4      | Reached skill level 5 in Dodging
  3556 | D:4      | Reached skill level 8 in Maces & Flails
  3676 | D:4      | Paralysed by a giant eyeball for 2 turns
  3685 | D:4      | Paralysed by a giant eyeball for 3 turns
  3877 | D:4      | Acquired Trog's third power
  4184 | D:5      | Entered Level 5 of the Dungeon
  4341 | D:5      | Reached skill level 9 in Maces & Flails
  4341 | D:5      | Reached XP level 8. HP: 42/80 MP: 7/7
  4827 | D:5      | Reached skill level 1 in Stealth
  5145 | D:5      | Noticed Menkaure
  5153 | D:5      | Killed Menkaure
  5153 | D:5      | Reached skill level 10 in Maces & Flails
  5750 | D:6      | Found Ymuah's Elemental Accessories.
  5760 | D:6      | Noticed Blork the orc
  5766 | D:6      | Killed Blork the orc
  5845 | D:6      | Noticed Pikel
  5900 | D:6      | Killed Pikel
  5900 | D:6      | Reached skill level 11 in Maces & Flails
  5900 | D:6      | Reached XP level 9. HP: 32/89 MP: 8/8
  6358 | D:6      | Found a staircase to the Ecumenical Temple.
  6436 | D:6      | Noticed Grinder
  6448 | D:6      | Killed Grinder
  6448 | D:6      | Reached skill level 12 in Maces & Flails
  7072 | D:6      | Found a staircase to the Orcish Mines.
  7107 | D:6      | Found a white marble altar of Elyvilon.
  7110 | D:6      | Found an iron altar of Okawaru.
  7113 | D:6      | Found a glowing silver altar of Zin.
  7210 | D:7      | Noticed Edmund
  7219 | D:7      | Killed Edmund
  7729 | D:8      | Reached skill level 13 in Maces & Flails
  7972 | D:8      | Reached XP level 10. HP: 100/100 MP: 10/10
  8351 | D:8      | Reached skill level 14 in Maces & Flails
  8487 | D:8      | Noticed timbw's ghost (average TrMo)
  8499 | D:8      | Killed timbw's ghost
  8761 | D:9      | Noticed Gastronok
  8775 | D:9      | Killed Gastronok
  8775 | D:9      | Reached skill level 15 in Maces & Flails
  8877 | D:9      | Noticed Duvessa
  8877 | D:9      | Noticed Dowan
  8886 | D:9      | Killed Duvessa
  8888 | D:9      | Killed Dowan
  8965 | D:9      | Reached XP level 11. HP: 67/110 MP: 11/11
  9102 | D:9      | Noticed Maurice
  9223 | D:9      | Killed Maurice
  9252 | D:9      | Noticed Erolcha
  9257 | D:9      | Killed Erolcha
  9257 | D:9      | Reached skill level 16 in Maces & Flails
  9570 | D:10     | Entered Level 10 of the Dungeon
  9582 | D:10     | Received a gift from Trog
  9595 | D:10     | Got an ivory giant spiked club {god gift}
  9596 | D:10     | Identified the +4,+9 giant spiked club "Omyzag" {crush, Str+1} (Trog gifted it to you on level 10 of the Dungeon)
  9596 | D:10     | Identified the +4,+9 giant spiked club "Omyzag" {crush, Str+1} (Trog gifted it to you on level 10 of the Dungeon)
 10349 | D:10     | Noticed Joseph
 10356 | D:10     | Killed Joseph
 10561 | D:11     | Found a shattered altar of Ashenzari.
 10610 | D:11     | Noticed a hill giant
 10727 | D:11     | HP: 3/111 [something (4)]
 10731 | D:11     | HP: 1/111 [something (2)]
 10734 | D:11     | Killed an unseen horror
 10734 | D:11     | Reached skill level 17 in Maces & Flails
 10737 | D:11     | Noticed a hill giant
 10745 | D:11     | Noticed a hill giant
 10890 | D:11     | Killed a hill giant
 11212 | D:11     | Noticed Nergalle
 11220 | D:11     | Killed Nergalle
 11223 | D:11     | Paralysed by a giant eyeball for 4 turns
 11388 | D:11     | Found a staircase to the Orcish Mines.
 11388 | D:11     | Found Pnoyss' Armour Boutique.
 11388 | D:11     | Noticed an orc knight
 11394 | D:11     | Killed an orc knight
 11407 | D:11     | Reached skill level 18 in Maces & Flails
 11407 | D:11     | Reached XP level 12. HP: 35/120 MP: 12/12
 11727 | D:11     | Killed a hill giant
 11727 | D:11     | Reached skill level 10 in Fighting
 11772 | D:11     | HP: 1/122 [it/rod of destruction (9)]
 11773 | D:11     | Slain by an unseen horror

Action                   |  1- 3 |  4- 6 |  7- 9 | 10-12 || total
-------------------------+-------+-------+-------+-------++-------
Melee: Mace              |    98 |   205 |    28 |       ||   331
       Whip              |       |       |    83 |     8 ||    91
       Giant club        |       |       |   223 |   167 ||   390
       Giant spiked club |       |       |       |   135 ||   135
Invok: Berserk           |     1 |     4 |     7 |    10 ||    22
Evoke: Wand              |       |       |     5 |     1 ||     6
  Use: Scroll            |       |    18 |     8 |    10 ||    36
       Potion            |       |     1 |     5 |     7 ||    13
 Stab: Sleeping          |       |       |     2 |     1 ||     3
